 Dungeon Crawl Stone Soup version 0.20.0-15-g7f486f2 (webtiles) character file.

171 Omegatherion the Ducker (level 5, 0/41 HPs)
             Began as a Human Fighter on June 23, 2017.
             Slain by a sky beast (5 damage)
             ... on level 3 of the Dungeon.
             The game lasted 00:05:57 (2332 turns).

Omegatherion the Ducker (Human Fighter)             Turns: 2332, Time: 00:05:57

Health: 0/41       AC: 11    Str: 16    XL:     5   Next: 81%
Magic:  5/5        EV:  6    Int:  8    God:
Gold:   155        SH:  9    Dex: 14    Spells: 4/4 levels left

rFire    . . .     SeeInvis .   n - +0 long sword
rCold    + . .     Gourm    .   c - +0 shield
rNeg     . . .     Faith    .   e - +1 chain mail {rC+}
rPois    .         Spirit   .   k - +1 hat
rElec    .         Reflect  .   j - scarf {repulsion}
rCorr    .         Harm     .   (no gloves)
MR       .....                  (no boots)
Stlth    ..........             (no amulet)
Regen    0.2/turn               (no ring)
MPRegen  0.1/turn               (no ring)

@: starving, repel missiles
A: no striking features
a: no special abilities


You were on level 3 of the Dungeon.
You were starving.

You visited 1 branch of the dungeon, and saw 3 of its levels.

You collected 155 gold pieces.

Inventory:

Hand Weapons
 n - a +0 long sword (weapon)
Armour
 c - a +0 shield (worn)
 e - a +1 chain mail of cold resistance (worn)
 j - a scarf of repulsion (worn)
 k - a +1 hat (worn)
Scrolls
 a - a scroll of identify {unknown}
 i - 3 scrolls of recharging {unknown}
 l - a scroll of teleportation {unknown}
 o - 2 scrolls of enchant weapon {unknown}
Potions
 d - a potion of brilliance {unknown}
 g - 2 potions of flight {unknown}
 m - a potion of magic {unknown}
Comestibles
 b - 4 fruits
 f - 3 bread rations
 h - 2 meat rations


   Skills:
 - Level 3.0 Fighting
 + Level 2.2 Long Blades
 - Level 3.0 Armour
 + Level 4.9 Dodging
 - Level 3.0 Shields


You had 4 spell levels left.
You didn't know any spells.

Dungeon Overview and Level Annotations

Branches:
Dungeon (3/15)

Altars:
Cheibriados

Annotations:
D:3 Cab's ghost, amateur DsNe


Message History

Your shield and chain mail prevent you from hitting the sky beast.
The sky beast is severely wounded.
The sky beast hits you but does no damage.
Your shield and chain mail prevent you from hitting the sky beast.
The sky beast is severely wounded.
The sky beast hits you but does no damage.
You hit the sky beast but do no damage.
The sky beast is severely wounded.
You block the sky beast's attack. The sky beast hits you.
The sky beast shocks you.
* * * LOW HITPOINT WARNING * * *
You miss the sky beast.
The sky beast is severely wounded.
The sky beast barely misses you.
You miss the sky beast.
The sky beast is severely wounded.
You block the sky beast's attack. The sky beast hits you.
* * * LOW HITPOINT WARNING * * *
The sky beast shocks you.
You die...

##..............##.#
#.<...........#....#
#########............####
#.....# ##...........#
#.....# ##..........#
#.....######...#.....#
#......(...##.##..(..#
######
#........÷.'.Y########
#....† #.##......(##@#
#.#### #.##.......##.#
#.# #.###########.######
#.# #.# #..)...######.#
#.# ######.##.....# # #.#
#.##.######## ####.#
#.##.#....... #....#
#....#.###### #.####
######.# #...


You could see a sky beast.

Vanquished Creatures
  An ogre (D:2)
  3 adders
  An ooze (D:2)
  3 dart slugs
  2 leopard geckos
  An orc (D:3)
  2 bats
  4 giant cockroaches
  8 hobgoblins
  6 jackals
  A frilled lizard (D:3)
  4 goblins
  4 kobolds
  7 rats
  A fungus (D:1)
48 creatures vanquished.

Notes
Turn   | Place    | Note
-------+----------+-------------------------------------------
     0 | D:1      | Omegatherion the Human Fighter began the quest for the Orb.
     0 | D:1      | Reached XP level 1. HP: 18/18 MP: 1/1
   157 | D:1      | Reached skill level 1 in Dodging
   213 | D:1      | Reached XP level 2. HP: 24/24 MP: 2/2
   283 | D:1      | Reached skill level 2 in Dodging
   659 | D:1      | Reached XP level 3. HP: 26/29 MP: 3/3
  1202 | D:2      | Found a snail-covered altar of Cheibriados.
  1240 | D:2      | Reached skill level 3 in Dodging
  1371 | D:2      | Reached XP level 4. HP: 14/35 MP: 4/4
  1472 | D:2      | Noticed an ogre
  1581 | D:2      | Killed an ogre
  1581 | D:2      | Reached skill level 4 in Dodging
  1581 | D:2      | Reached XP level 5. HP: 30/41 MP: 5/5
  2002 | D:3      | Noticed a sky beast
  2005 | D:3      | Noticed Cab's ghost (amateur DsNe)
  2332 | D:3      | Slain by a sky beast

Skill      XL: |  1  2  3  4 |
---------------+-------------+-----
Dodging        | 1 2 3 4 |  4.9
Fighting       | |  3.0
Long Blades    | |  2.2
Armour         | |  3.0
Shields        | |  3.0

Action                   |  1- 3 |  4- 6 || total
-------------------------+-------+-------++-------
Melee: Long sword        |   153 |   111 ||   264
  Use: Potion            |       |     1 ||     1
  Eat: Chunk             |     1 |     2 ||     3
Armor: Chain mail        |   111 |    64 ||   175
Dodge: Dodged            |    31 |    32 ||    63
       Deflected         |     1 |       ||     1
Block: Shield            |    87 |    53 ||   140
       Rpst.: Long sword |     9 |    10 ||    19
